 Dungeon Crawl Stone Soup version 0.29.0-4-gdea44cf6ec (webtiles) character file.

Game seed: 4239522004144328521

28 qw the Sneak (level 3, -1/23 HPs)
             Began as a Gargoyle Delver on Sept 10, 2022.
             Slain by a gnoll
             ... wielding a +0 spear
              (2 damage)
             ... on level 5 of the Dungeon.
             The game lasted 00:00:03 (62 turns).

qw the Sneak (Gargoyle Delver)                        Turns: 62, Time: 00:00:03

Health: -1/23      AC:  6    Str: 17    XL:     3   Next: 12%
Magic:  3/3        EV: 11    Int: 10    God:
Gold:   0          SH:  0    Dex: 11    Spells: 2/2 levels left

rFire   . . .      SeeInvis .   a - +0 hand axe
rCold   . . .      Faith    .   (no shield)
rNeg    + . .      Spirit   .   b - +0 leather armour
rPois   inf        Reflect  .   (no helmet)
rElec   +          Harm     .   (no cloak)
rCorr   .          Rampage  .   (no gloves)
Will    .....                   (no boots)
Stlth   +++.......              (no amulet)
HPRegen 0.07/turn               (no ring)
MPRegen 0.08/turn               (no ring)

@: no status effects
A: sickness immunity, AC +3, negative energy resistance 1, electricity
resistance, torment resistance 1, petrification resistance
a: no special abilities


You were on level 5 of the Dungeon.
You visited 1 branch of the dungeon, and saw 1 of its levels.


Innate Abilities, Weirdness & Mutations

You are immune to sickness and miasma.
Your stone body is resilient. (AC +3)
You are immune to poison.
You resist negative energy. (rN+)
You are resistant to electric shocks. (rElec)
You are resistant to unholy torment.
You are immune to petrification.


   Skills:
 - Level 3.2 Fighting
 + Level 3.2 Axes
 - Level 1.5 Dodging
 - Level 5.4 Stealth


You had 2 spell levels left.
You didn't know any spells.
Your spell library was empty.

Inventory:

Hand Weapons
 a - a +0 hand axe (weapon)
Armour
 b - a +0 leather armour (worn)
Wands
 g - a wand of digging (3)
Potions
 f - a potion of haste

Dungeon Overview and Level Annotations

Branches:
Dungeon (5/15)
 Temple: D:4-7

Altars:


Message History

The ufetubus hits you but does no damage.
The ufetubus completely misses you. The hound bites you but does no damage.
The ufetubus hits you. The ufetubus closely misses you.
The hound barely misses you. The gnoll barely misses you.
You slash the hound!
You kill the hound!
You miss the ufetubus.
The ufetubus hits you but does no damage. x2
The gnoll hits you from afar with a +0 spear.
The ufetubus hits you. x2
Your Axes skill gained 2 levels and is now at level 3!
You have reached level 2!
You have reached level 3!
Your experience leads to an increase in your attributes!
Increase (S)trength, (I)ntelligence, or (D)exterity?
You feel stronger. x2
You hit the ufetubus but do no damage. The ufetubus closely misses you.
The ufetubus barely misses you.
The gnoll hits you from afar with a +0 spear.
The ufetubus completely misses you. The ufetubus closely misses you.
You barely miss the ufetubus.
The ufetubus barely misses you. x2; The gnoll completely misses you.
You barely miss the ufetubus. The ufetubus hits you.
The ufetubus hits you but does no damage.
The gnoll closely misses you.
The ufetubus hits you but does no damage.
The ufetubus barely misses you. The gnoll barely misses you.
You completely miss the ufetubus.
The ufetubus hits you but does no damage.
The ufetubus barely misses you.
The ufetubus hits you but does no damage. x2
The gnoll hits you from afar with a +0 spear.
You closely miss the ufetubus.
The ufetubus closely misses you. x2; The gnoll completely misses you.
You closely miss the ufetubus.
The ufetubus hits you but does no damage.
The ufetubus closely misses you. The ufetubus completely misses you.
The ufetubus hits you.
The gnoll hits you from afar with a +0 spear.
You die...

#...#...#.#...
..#....#.#... .
............ ..
...<....... .. ..........
###.##.g...#...........#
#.....5%.#.......... ..#
#.##.@.#.#...#.... #.#
#................# #.#
#.##..##.####....# #.# #
#?.##.# #...# #.#
#.#.##..##.#####...# #.#
..................>.###.#
..)......................
.....##............####.#
####.##.######.##### #.#


You could see a gnoll and an ufetubus.

Vanquished Creatures
  A hound (D:5)
1 creature vanquished.

Notes
Turn   | Place    | Note
-------+----------+-------------------------------------------
     0 | D:5      | qw the Gargoyle Delver began the quest for the Orb.
     0 | D:5      | Reached XP level 1. HP: 14/14 MP: 1/1
     0 | D:5      | 0 ||| qw: Version: 0.1-a-116-g5d60599
     0 | D:5      | 0 ||| qw: Game counter: 9006
     0 | D:5      | 0 ||| qw: Always use a shield: true
     0 | D:5      | 0 ||| qw: God list: Okawaru
     0 | D:5      | 0 ||| qw: Allow faded altars: false
     0 | D:5      | 0 ||| qw: Do Orc after D:15 true
     0 | D:5      | 0 ||| qw: Do second Lair branch before Depths: true
     0 | D:5      | 0 ||| qw: Lair rune preference: random
     0 | D:5      | 0 ||| qw: Plans: Normal
     0 | D:5      | 0 ||| PLANNING D:1-11
    37 | D:5      | 37 ||| DRINKING 2 bubbling emerald potions.
    38 | D:5      | 38 ||| DROPPING scroll of fog.
    39 | D:5      | 39 ||| DROPPING scroll of magic mapping.
    40 | D:5      | 40 ||| DROPPING scroll of fear.
    43 | D:5      | Noticed a hound
    52 | D:5      | HP: 3/14 [ufetubus (4)]
    53 | D:5      | 53 ||| DRINKING potion of heal wounds.
    56 | D:5      | Killed a hound
    57 | D:5      | Reached skill level 3 in Axes
    57 | D:5      | Reached XP level 2. HP: 8/19 MP: 2/2
    57 | D:5      | Reached XP level 3. HP: 10/23 MP: 3/3
    60 | D:5      | HP: 4/23 [gnoll/+0 spear (2)]
    62 | D:5      | HP: 1/23 [ufetubus (3)]
    62 | D:5      | Slain by a gnoll

Levels and vault maps discovered:
D:5:      cheibrodos_fzero, layout_basic, uniq_blork_the_orc

Skill      XL: |  1 |
---------------+----+-----
Axes           | 3 |  3.2
Fighting       | |  3.2
Dodging        | |  1.5
Stealth        | |  5.4

Action                   || total
-------------------------++-------
Melee: Hand axe          ||    13
  Use: Potion            ||     2
Armor: Leather armour    ||    15
Dodge: Dodged            ||    29

Table legend:
 A = Non-vault XP
 B = Vault XP
 C = Vault XP percentage of total XP
 D = Non-vault monster count
 E = Vault monster count
 F = Vault count percentage of total count
                 A         B        C        D         E       F
            +---------+---------+-------+---------+---------+-------
      Total |       0 |      40 | 100.0 |       0 |       1 | 100.0
            +---------+---------+-------+---------+---------+-------
        D:5 |       0 |      40 | 100.0 |       0 |       1 | 100.0
            +---------+---------+-------+---------+---------+-------
